[Event "Test Tournament"]
[Site "Emanuel Lasker Arena"]
[Date "2024.04.09"]
[Round "4"]
[White "Toby Ziegler"]
[Black "Endspielexperte"]
[Result "1-0"]
[WhiteElo "2064"]
[BlackElo "1620"]
[Annotator "RC"]
[PlyCount "67"]
[EventDate "2024.04.09"]
[EventType "swiss (blitz)"]
[TimeControl "60"]

1. d4 d5 2. c4 dxc4 3. Nf3 Nf6 4. e3 e6 5. Bxc4 c5 6. O-O a6 7. a4 Nc6 8. Qe2 Qc7 9. Rd1 Bd6 10. Nc3 O-O 11. h3 b6 12. dxc5 Bxc5 13. e4 Nd7 14. Be3 Bb7 15. Rd2 Nce5 16. Bf4 Nxf3+ 17. Qxf3 Ne5 18. Qh5 Bd6 19. Rxd6 Nxc4 20. e5 Rad8 21. Rad1 Nxb2 22. Rc1 Rd7 23. Nd1 Rxd6 24. Rxc7 Rxd1+ 25. Kh2 Be4 26. a5 b5 27. Qe2 Bd3 28. Qxb2 Rd8 29. Qd4 Bf1 30. Qxd1 Bd3 31. Qxd3 Rf8 32. Bh6 f5 33. Qd7 gxh6 34. Qxh7# {[%emt 0:00:01] (Lag: Av=0.07s, max=0.6s)} 1-0

[Event "Test Tournament"]
[Site "Emanuel Lasker Arena"]
[Date "2024.04.09"]
[Round "4"]
[White "Toby Ziegler"]
[Black "Stachelrochade"]
[Result "1-0"]
[WhiteElo "2064"]
[BlackElo "1620"]
[Annotator "RC"]
[PlyCount "81"]
[EventDate "2024.04.09"]
[EventType "swiss (blitz)"]
[TimeControl "60"]

1. c4 c5 2. g3 g6 3. Bg2 Bg7 4. Nc3 Nc6 5. a3 a6 6. Rb1 Rb8 7. b4 cxb4 8. axb4 b5 9. c5 a5 10. Ba3 axb4 11. Bxb4 Nxb4 12. Rxb4 d6 13. c6 Bxc3 14. dxc3 Qc7 15. Qd4 Nf6 16. Bd5 Qb6 17. e4 Qxd4 18. cxd4 Nxd5 19. exd5 Ra8 20. Rxb5 Kd8 21. f4 Ra2 22. Rb8 Re8 23. h4 h5 24. Rh3 Ra3 25. Kf2 Kc7 26. Rb5 Ra2+ 27. Kf3 Bg4+ 28. Ke3 Ra3+ 29. Kf2 Bxh3 30. Rb7+ Kc8 31. Nxh3 e6 32. Ng5 Ra2+ 33. Kf3 Ra3+ 34. Kg2 exd5 35. Rxf7 Re1 36. Rh7 Ra2+ 37. Kf3 Rc1 38. Rh8+ Kc7 39. Ne6+ Kxc6 40. Rc8+ Kd7 {[%emt 0:00:01] '} 41. Rxc1 {[%emt 0:00:01] (Lag: Av=0.08s, max=0.9s)} 1-0

[Event "Test Tournament"]
[Site "Emanuel Lasker Arena"]
[Date "2024.04.09"]
[Round "4"]
[White "ArrowPlay"]
[Black "Stratospheric"]
[Result "1-0"]
[WhiteElo "2027"]
[BlackElo "1620"]
[Annotator "RC"]
[PlyCount "25"]
[EventDate "2024.04.09"]
[EventType "swiss (blitz)"]
[TimeControl "60"]

1. d4 d5 2. c4 dxc4 3. Nf3 Nf6 4. e3 e6 5. Bxc4 c5 6. O-O cxd4 7. exd4 Be7 8. Qe2 O-O 9. Nc3 Nbd7 10. Bg5 Nb6 11. Bd3 Nfd5 12. Qe4 Bxg5 13. Qxh7# {[%emt 0:00:04] (Lag: Av=0.12s, max=0.8s)} 1-0

[Event "Test Tournament"]
[Site "Emanuel Lasker Arena"]
[Date "2024.04.09"]
[Round "4"]
[White "Local Hero"]
[Black "Jed Bartlet"]
[Result "1-0"]
[WhiteElo "1983"]
[BlackElo "2159"]
[Annotator "RC"]
[PlyCount "79"]
[EventDate "2024.04.09"]
[EventType "swiss (blitz)"]
[TimeControl "60"]

1. e4 e5 2. Nf3 Nc6 3. Bb5 a6 4. Ba4 Nf6 5. O-O Be7 6. Re1 b5 7. Bb3 d6 8. c3 O-O 9. h3 Na5 10. Bc2 c5 11. d4 Qc7 12. Nbd2 cxd4 13. cxd4 Rd8 14. d5 Bd7 15. Bd3 Nb7 16. Nb3 h6 17. Nh4 Nxd5 18. exd5 Bxh4 19. Be3 Na5 20. Qh5 Nxb3 21. axb3 Be7 22. Rac1 Qb7 23. b4 Qxd5 24. Red1 Rdc8 25. Bh7+ Kxh7 26. Rxd5 Rxc1+ 27. Bxc1 Rc8 28. Be3 Kg8 29. f4 Rc2 30. Rd1 Be6 31. f5 Bc4 32. Qf3 d5 33. Bc5 e4 34. Qg3 Bg5 35. Qb8+ Kh7 36. Qe8 Bf4 37. Qxf7 e3 38. Qg6+ Kh8 39. f6 Rxb2 40. Qxg7# {[%emt 0:00:01] (Lag: Av=0.08s, max=0.9s)} 1-0

[Event "Test Tournament"]
[Site "Emanuel Lasker Arena"]
[Date "2024.04.09"]
[Round "4"]
[White "RCFlyer"]
[Black "Brutus"]
[Result "0-1"]
[WhiteElo "1977"]
[BlackElo "2041"]
[Annotator "RC"]
[PlyCount "38"]
[EventDate "2024.04.09"]
[EventType "swiss (blitz)"]
[TimeControl "60"]

1. e4 c6 2. d4 d5 3. e5 Bf5 4. g4 Be4 5. f3 Bg6 6. h4 h6 7. h5 Bh7 8. Nc3 Qb6 9. Nh3 Nd7 10. Bf4 Qxb2 11. Na4 Qxc2 12. Qxc2 Bxc2 13. Nc3 e6 14. a4 Bb4 15. Kd2 Bb3 16. Rb1 Bxc3+ 17. Kxc3 Bxa4 18. Rb6 axb6 19. Bd3 g5 {[%emt 0:00:03] Time (Lag: Av=0.06s, max=0.1s) .} 0-1

[Event "Test Tournament"]
[Site "Emanuel Lasker Arena"]
[Date "2024.04.09"]
[Round "4"]
[White "Myopix"]
[Black "LiliBeth"]
[Result "1-0"]
[WhiteElo "1965"]
[BlackElo "1853"]
[Annotator "RC"]
[PlyCount "53"]
[EventDate "2024.04.09"]
[EventType "swiss (blitz)"]
[TimeControl "60"]

1. e4 e5 2. Nf3 Nc6 3. Bb5 a6 4. Ba4 d6 5. O-O Bd7 6. d4 Nge7 7. c3 Ng6 8. h3 b5 9. Bg5 f6 10. Bb3 fxg5 11. a4 Nf4 12. Bd5 Be7 13. Nbd2 exd4 14. axb5 axb5 15. Qb3 Rf8 16. Qxb5 Ne5 17. Qb7 Ne2+ 18. Kh2 Rb8 19. Qa6 dxc3 20. Rad1 Nxf3+ 21. Nxf3 Rxb2 22. e5 dxe5 23. Nxe5 Bd6 24. f4 Qf6 25. Bc6 Bxc6 26. Qxc6+ Ke7 27. Qd7# {[%emt 0:00:01] (Lag: Av=0.08s, max=0.5s)} 1-0

[Event "Test Tournament"]
[Site "Emanuel Lasker Arena"]
[Date "2024.04.09"]
[Round "4"]
[White "Hollis"]
[Black "Einpassant"]
[Result "0-1"]
[WhiteElo "1881"]
[BlackElo "1620"]
[Annotator "NA RC"]
[PlyCount "68"]
[EventDate "2024.04.09"]
[EventType "swiss (blitz)"]
[TimeControl "60"]

1. d4 d5 2. c4 e6 3. Nc3 Nf6 4. cxd5 exd5 5. Bg5 c6 6. e3 Be7 7. Bd3 Nbd7 8. Qc2 O-O 9. Nf3 Re8 10. O-O Nf8 11. Rae1 g6 12. Ne5 Ne6 13. h4 Nxg5 14. hxg5 Ng4 15. e4 Bb4 16. a3 dxe4 17. Nxg4 Bxg4 18. Rxe4 Rxe4 19. Nxe4 Be7 20. Qb3 Qxd4 21. Qxb7 Re8 22. Qxc6 Rc8 23. Nd6 Rxc6 24. Re1 Bxd6 25. b4 Qxd3 26. b5 Bh2+ 27. Kh1 Rc1 28. Rxc1 Bf4 29. Re1 Qxb5 30. Kg1 Be6 31. Rd1 Qe5 32. Kf1 Bc4+ 33. Kg1 Bh2+ 34. Kh1 {[%emt 0:00:01] .} Bb3 0-1

[Event "Test Tournament"]
[Site "Emanuel Lasker Arena"]
[Date "2024.04.09"]
[Round "4"]
[White "Mrs Florrick"]
[Black "Brutus"]
[Result "0-1"]
[WhiteElo "1780"]
[BlackElo "2041"]
[Annotator "RC"]
[PlyCount "42"]
[EventDate "2024.04.09"]
[EventType "swiss (blitz)"]
[TimeControl "60"]

1. e4 e5 2. Nf3 Nc6 3. Bb5 a6 4. Ba4 d6 5. O-O Bd7 6. c3 Nf6 7. d4 Be7 8. Nbd2 O-O 9. Re1 exd4 10. cxd4 Nb4 11. e5 Bxa4 12. Qxa4 dxe5 13. dxe5 Qd7 14. Qa5 b6 15. e6 fxe6 16. Qg5 Nc2 17. Ne5 Qd5 18. Re3 Nxa1 19. b4 Nc2 20. Ne4 Qd1+ 21. Re1 Qxe1# {[%emt 0:00:01] (Lag: Av=0.05s, max=0.1s)} 0-1

[Event "Test Tournament"]
[Site "Emanuel Lasker Arena"]
[Date "2024.04.09"]
[Round "4"]
[White "Lord Grantham"]
[Black "Encheladus"]
[Result "1-0"]
[WhiteElo "1766"]
[BlackElo "1620"]
[Annotator "NA RC"]
[PlyCount "35"]
[EventDate "2024.04.09"]
[EventType "swiss (blitz)"]
[TimeControl "60"]

1. d4 Nf6 2. c4 c5 3. d5 b5 4. Qc2 b4 5. Nf3 g6 6. e4 d6 7. Bd3 Bg7 8. O-O O-O 9. h3 a5 10. Re1 a4 11. Be3 e5 12. Bg5 Ra7 13. a3 Qb6 14. axb4 Qxb4 15. Nc3 a3 16. Nb5 Ra8 17. Nxd6 h6 18. Bd2 {[%emt 0:00:03] Time ' (Lag: Av=0.06s, max=0.1s)} 1-0

[Event "Test Tournament"]
[Site "Emanuel Lasker Arena"]
[Date "2024.04.09"]
[Round "4"]
[White "Girlfriend Chess"]
[Black "Botwinzig"]
[Result "0-1"]
[WhiteElo "1752"]
[BlackElo "1810"]
[Annotator "NA RC"]
[PlyCount "68"]
[EventDate "2024.04.09"]
[EventType "swiss (blitz)"]
[TimeControl "60"]

1. e4 e5 2. Nf3 Nc6 3. Bb5 a6 4. Ba4 d6 5. O-O Bd7 6. c3 g6 7. d4 b5 8. Qb3 bxa4 9. Qxa4 Nxd4 10. Qd1 Ne6 11. Qd5 Bb5 12. Be3 Bxf1 13. Qc6+ Ke7 14. Kxf1 Nf6 15. Ng5 Ng4 16. Nxe6 Nxe3+ 17. fxe3 fxe6 18. Nd2 h5 19. b4 Kf7 20. a4 Bh6 21. Nf3 Bxe3 22. h4 Kg7 23. a5 Rb8 24. Qxa6 Rf8 25. Qc6 Qxh4 26. Qxc7+ Kh6 27. Ke2 Qxe4 28. Qd7 Bc1+ 29. Kd1 Qd3+ 30. Kxc1 Qxc3+ 31. Kd1 Qxa1+ 32. Ke2 Rxb4 33. Qxd6 Rff4 34. Nd2 {[%emt 0:00:01] .} Qxa5 0-1

[Event "Test Tournament"]
[Site "Emanuel Lasker Arena"]
[Date "2024.04.09"]
[Round "4"]
[White "Patemkin"]
[Black "Bauernklopper"]
[Result "0-1"]
[WhiteElo "1680"]
[BlackElo "1620"]
[Annotator "NA RC"]
[PlyCount "94"]
[EventDate "2024.04.09"]
[EventType "swiss (blitz)"]
[TimeControl "60"]

1. d4 d5 2. c4 dxc4 3. Nf3 Nf6 4. e3 e6 5. Bxc4 c5 6. O-O a6 7. a4 Nc6 8. Qe2 Qc7 9. Nc3 Bd6 10. h3 O-O 11. Rd1 b6 12. d5 exd5 13. Nxd5 Nxd5 14. Bxd5 Bb7 15. b4 cxb4 16. e4 Bf4 17. Be3 Na5 18. Rac1 Qb8 19. Bxf4 Qxf4 20. Bxb7 Nxb7 21. Qd2 Qxd2 22. Rxd2 b3 23. Rb2 Nc5 24. Ne5 Rad8 25. f3 f5 26. g3 fxe4 27. fxe4 Rd4 28. Rc4 Rxc4 29. Nxc4 Re8 30. e5 Re6 31. Kf1 Kf8 32. Nd2 Rxe5 33. Nxb3 Nxa4 34. Rd2 Nc5 35. Rf2+ Ke8 36. Nxc5 Rxc5 37. Rf4 a5 38. Ke1 b5 39. Kd2 a4 40. Rg4 Kf8 41. Rb4 a3 42. h4 a2 43. Rg4 Rd5+ 44. Kc3 a1=N 45. Rb4 h6 46. Kb2 Rd2+ 47. Kxa1 Rd1+ {[%emt 0:00:01] Time (Lag: Av=0.07s, max=0.6s) .} 0-1

[Event "Test Tournament"]
[Site "Emanuel Lasker Arena"]
[Date "2024.04.09"]
[Round "4"]
[White "Covfefe"]
[Black "Dominatrix"]
[Result "0-1"]
[WhiteElo "1620"]
[BlackElo "1733"]
[Annotator "NA RC"]
[PlyCount "44"]
[EventDate "2024.04.09"]
[EventType "swiss (blitz)"]
[TimeControl "60"]

1. d4 f5 2. c4 Nf6 3. Nf3 g6 4. Nc3 Bg7 5. e3 O-O 6. b4 d6 7. Bd3 a5 8. b5 e5 9. dxe5 dxe5 10. Nd5 Nxd5 11. cxd5 e4 12. Rb1 exd3 13. Qxd3 f4 14. Qc2 Bf5 15. e4 Qe7 16. Nd2 Bd4 17. O-O Bc8 18. Nc4 f3 19. d6 cxd6 20. h4 Qxh4 21. Nxd6 fxg2 22. Nxc8 Qh1# {[%emt 0:00:01] (Lag: Av=0.07s, max=0.5s)} 0-1

[Event "Test Tournament"]
[Site "Emanuel Lasker Arena"]
[Date "2024.04.09"]
[Round "4"]
[White "Don Rodrigo"]
[Black "StressTest"]
[Result "0-1"]
[WhiteElo "1620"]
[BlackElo "2101"]
[Annotator "RC"]
[PlyCount "62"]
[EventDate "2024.04.09"]
[EventType "swiss (blitz)"]
[TimeControl "60"]

1. e4 e5 2. Nf3 Nc6 3. Bb5 a6 4. Ba4 d6 5. Bxc6+ bxc6 6. d4 f6 7. Qd3 a5 8. h3 Ba6 9. Qb3 Be7 10. Qe6 c5 11. dxe5 fxe5 12. Bg5 a4 13. Nc3 Qd7 14. Nd4 exd4 15. Qxd7+ Kxd7 16. f4 dxc3 17. O-O-O Bxg5 18. fxg5 cxb2+ 19. Kxb2 Ne7 20. g4 Rhf8 21. c4 Bxc4 22. g6 Rf2+ 23. Kc3 Nxg6 24. Kxc4 Rxa2 25. Rd5 Nf4 26. Rc1 Nxd5 27. exd5 Re8 28. Kd3 a3 29. Kc4 Rh2 30. Rd1 Rxh3 31. Rd3 {[%emt 0:00:01] .} a2 0-1

[Event "Test Tournament"]
[Site "Emanuel Lasker Arena"]
[Date "2024.04.09"]
[Round "4"]
[White "Karpovs Shadow"]
[Black "Alicia"]
[Result "0-1"]
[WhiteElo "1620"]
[BlackElo "2226"]
[Annotator "RC"]
[PlyCount "98"]
[EventDate "2024.04.09"]
[EventType "swiss (blitz)"]
[TimeControl "60"]

1. d4 Nf6 2. c4 g6 3. Nc3 Bg7 4. e4 d6 5. h3 O-O 6. Be3 Na6 7. Nf3 e5 8. d5 Nh5 9. a3 f5 10. b4 f4 11. Bd2 c5 12. Be2 Bd7 13. Rb1 Qb6 14. bxc5 Qxc5 15. Rxb7 Nf6 16. Ng5 Qd4 17. Nb5 Qb2 18. Nxd6 Qxa3 19. c5 Ba4 20. Bc1 Qxc5 21. Rxg7+ Kxg7 22. Ne6+ Kh6 23. Nxc5 Bxd1 24. Bxa6 Rad8 25. Nc4 Rc8 26. Ba3 f3 27. Bc1+ g5 28. Bxc8 Rxc8 29. h4 Kg7 30. hxg5 Nxe4 31. Nxe4 fxg2 32. Rg1 Bf3 33. Ned6 Rc5 34. Nf5+ Kg8 35. Ne7+ Kf7 36. Nc6 Ke8 37. Nd6+ Kd7 38. Be3 Kxd6 39. Bxc5+ Kxc5 40. Nxe5 Bxd5 41. f4 Kd4 42. Kf2 a5 43. Ra1 Ke4 44. Kg3 Kf5 45. Rg1 a4 46. Nf3 a3 47. Rxg2 a2 48. Nd4+ Kg6 49. Rg1 {[%emt 0:00:00] .} h6 0-1

[Event "Test Tournament"]
[Site "Emanuel Lasker Arena"]
[Date "2024.04.09"]
[Round "4"]
[White "Klaus Junge"]
[Black "Ceres"]
[Result "1/2-1/2"]
[WhiteElo "1620"]
[BlackElo "1620"]
[Annotator "NA RC"]
[PlyCount "77"]
[EventDate "2024.04.09"]
[EventType "swiss (blitz)"]
[TimeControl "60"]

1. e4 e6 2. d4 d5 3. Nc3 dxe4 4. Nxe4 Nd7 5. Nf3 Ngf6 6. Nxf6+ Nxf6 7. Be3 Nd5 8. Bd2 Nf6 9. Bd3 b6 10. Qe2 a6 11. O-O-O Nd7 12. Ng5 Qf6 13. h4 Be7 14. Qh5 g6 15. Qh6 Qxd4 16. Nxh7 Bf8 17. Qg5 Rxh7 18. Bf4 Qf6 19. Qg4 Bh6 20. Bg5 Bxg5+ 21. hxg5 Qh8 22. Rhe1 Kd8 23. Bc4 Ra7 24. a4 Rg7 25. Re5 b5 26. Qd4 bxc4 27. Qxa7 a5 28. Rc5 Qh3 29. Qxc7+ Ke7 30. gxh3 Rg8 31. Qd6+ Kd8 32. Rxc8+ Kxc8 33. Qxd7+ Kb8 34. Qb5+ Kc8 35. Qc6+ Kb8 36. Qb6+ Kc8 37. Qc6+ Kb8 38. Qb6+ Kc8 39. Qc6+ {[%emt 0:00:01] (Lag: Av=0.08s, max=0.7s)} 1/2-1/2

[Event "Test Tournament"]
[Site "Emanuel Lasker Arena"]
[Date "2024.04.09"]
[Round "4"]
[White "Knightess"]
[Black "Copacablanca"]
[Result "0-1"]
[WhiteElo "1620"]
[BlackElo "1922"]
[Annotator "RC"]
[PlyCount "72"]
[EventDate "2024.04.09"]
[EventType "swiss (blitz)"]
[TimeControl "60"]

1. e4 e5 2. f4 exf4 3. Nf3 Nf6 4. e5 Nh5 5. d4 d5 6. Bb5+ c6 7. g4 Bxg4 8. h3 Bb4+ 9. Nc3 Bxc3+ 10. bxc3 Bxf3 11. Qxf3 Qh4+ 12. Kd1 cxb5 13. Qxd5 O-O 14. Qxb7 Na6 15. Qxa6 Ng3 16. Re1 f3 17. Be3 Qe4 18. Qxb5 f2 19. Bxf2 Qf3+ 20. Kc1 Qxf2 21. Kd1 Rad8 22. Qb7 Rxd4+ 23. cxd4 Qxd4+ 24. Kc1 Qxa1+ 25. Qb1 Qc3 26. Qb6 axb6 27. Rh1 Nxh1 28. e6 Qe3+ 29. Kb2 Qe5+ 30. c3 Qe2+ 31. Kc1 Qe3+ 32. Kc2 Qe4+ 33. Kc1 Qf4+ 34. Kb2 Qd2+ 35. Kb3 fxe6 36. h4 {[%emt 0:00:01] .} Qd1+ 0-1

[Event "Test Tournament"]
[Site "Emanuel Lasker Arena"]
[Date "2024.04.09"]
[Round "4"]
[White "Melancholia"]
[Black "NicholasRenzi"]
[Result "0-1"]
[WhiteElo "1620"]
[BlackElo "2016"]
[Annotator "RC"]
[PlyCount "58"]
[EventDate "2024.04.09"]
[EventType "swiss (blitz)"]
[TimeControl "60"]

1. d4 d5 2. c4 c6 3. Nf3 Nf6 4. e3 e6 5. Bd3 Nbd7 6. O-O dxc4 7. Bxc4 b5 8. Bd3 Bb7 9. a4 a6 10. Qc2 Bd6 11. Bd2 O-O 12. Ng5 h6 13. d5 Nc5 14. Bg6 hxg5 15. b4 Nxa4 16. dxc6 Bxc6 17. Qxc6 fxg6 18. Rc1 Nd5 19. e4 Nf4 20. Nc3 Nxc3 21. Bxc3 Ne2+ 22. Kh1 Nxc1 23. Rxc1 Rxf2 24. e5 Qf8 25. Rg1 Bxb4 26. Bxb4 Qe8 27. Qb7 a5 28. Ra1 a4 29. h3 {[%emt 0:00:01] .} Kh7 0-1

[Event "Test Tournament"]
[Site "Emanuel Lasker Arena"]
[Date "2024.04.09"]
[Round "4"]
[White "Schachmatz"]
[Black "Zimtowitch"]
[Result "1/2-1/2"]
[WhiteElo "1620"]
[BlackElo "1896"]
[Annotator "NA RC"]
[PlyCount "62"]
[EventDate "2024.04.09"]
[EventType "swiss (blitz)"]
[TimeControl "60"]

1. e4 c5 2. f4 Nc6 3. Nf3 g6 4. Bb5 Nd4 5. Nxd4 cxd4 6. O-O Bg7 7. d3 Nf6 8. e5 Nd5 9. Qf3 Nb4 10. f5 Nxc2 11. f6 Bf8 12. Bg5 exf6 13. Bxf6 Qb6 14. Bxh8 f5 15. exf6 Kd8 16. Qd5 Ne3 17. Qg8 Nxf1 18. Qxf8+ Kc7 19. f7 Qxb5 20. Bxd4 Qd5 21. Qh8 Qxf7 22. Nc3 Nd2 23. Re1 Qf5 24. b4 Qxd3 25. b5 d6 26. Re7+ Kb8 27. h4 Qf1+ 28. Kh2 Qf4+ 29. Kg1 Qf1+ 30. Kh2 Qf4+ 31. Kg1 Qf1+ {[%emt 0:00:01] (Lag: Av=0.07s, max=0.5s)} 1/2-1/2

[Event "Test Tournament"]
[Site "Emanuel Lasker Arena"]
[Date "2024.04.09"]
[Round "4"]
[White "Triskaidekaphobe"]
[Black "Sunset"]
[Result "0-1"]
[WhiteElo "1620"]
[BlackElo "1878"]
[Annotator "NA RC"]
[PlyCount "98"]
[EventDate "2024.04.09"]
[EventType "swiss (blitz)"]
[TimeControl "60"]

1. e4 e5 2. Nf3 Nc6 3. Bb5 a6 4. Ba4 Nf6 5. O-O Be7 6. Re1 b5 7. Bb3 O-O 8. c3 d6 9. d4 Bg4 10. Be3 exd4 11. cxd4 Na5 12. Bc2 c5 13. Nbd2 cxd4 14. Bxd4 Nc6 15. Be3 d5 16. h3 Bh5 17. Bf4 Bb4 18. a3 Bxd2 19. Qxd2 Nxe4 20. Qd3 Qb6 21. Be3 Qd8 22. Bc5 Re8 23. Nd4 Ne5 24. Qe3 Nxc5 25. b4 Nf3+ 26. Qxf3 Bxf3 27. bxc5 Rxe1+ 28. Rxe1 Be4 29. Bxe4 dxe4 30. Rd1 Qd5 31. g4 Qxc5 32. g5 Qxa3 33. Nc6 Re8 34. Kh2 a5 35. Rd7 Qc3 36. Rc7 b4 37. Ne7+ Rxe7 38. Rxe7 g6 39. Rxe4 b3 40. Re8+ Kg7 41. Re3 Qb4 42. Rxb3 Qxb3 43. h4 Qb8+ 44. Kg2 Qb7+ 45. Kg1 Qb1+ 46. Kg2 Qe4+ 47. Kg3 Qe5+ 48. Kg2 Qe4+ 49. f3 Qe2+ {[%emt 0:00:01] Time (Lag: Av=0.07s, max=0.6s) .} 0-1

[Event "Test Tournament"]
[Site "Emanuel Lasker Arena"]
[Date "2024.04.09"]
[Round "4"]
[White "Botany"]
[Black "Mrs Florrick"]
[Result "0-1"]
[WhiteElo "1553"]
[BlackElo "1780"]
[Annotator "NA RC"]
[PlyCount "68"]
[EventDate "2024.04.09"]
[EventType "swiss (blitz)"]
[TimeControl "60"]

1. d4 d5 2. c4 e6 3. Nc3 c5 4. cxd5 exd5 5. e4 dxe4 6. d5 Nf6 7. Nxe4 Nxd5 8. Bb5+ Bd7 9. Qxd5 Bxb5 10. Qxb7 Bc6 11. Qb3 Bxe4 12. Qb5+ Qd7 13. Qxd7+ Nxd7 14. b4 cxb4 15. h4 O-O-O 16. Rh3 Ne5 17. Bf4 f6 18. Bxe5 fxe5 19. a4 bxa3 20. Rc3+ Kb7 21. Rb3+ Kc7 22. Rc3+ Kb6 23. Rb3+ Kc6 24. Rc3+ Bc5 25. Raxa3 Bxg2 26. Rxa7 Rd3 27. Rxd3 Bxa7 28. Rg3 Be4 29. Rxg7 Bc5 30. Ne2 Bd3 31. Kd2 Bc4 32. f4 e4 33. Rg5 Rg8 34. Rxg8 {[%emt 0:00:01] .} Bxg8 0-1

[Event "Test Tournament"]
[Site "Emanuel Lasker Arena"]
[Date "2024.04.09"]
[Round "5"]
[White "Sauerbruch"]
[Black "Encheladus"]
[Result "1-0"]
[WhiteElo "1620"]
[BlackElo "1620"]
[Annotator "NA RC"]
[PlyCount "25"]
[EventDate "2024.04.09"]
[EventType "swiss (blitz)"]
[TimeControl "60"]

1. e4 c6 2. d4 d5 3. e5 Bf5 4. g4 Be4 5. f3 Bg6 6. h4 f6 7. h5 Qa5+ 8. Bd2 Qa4 9. hxg6 Qxd4 10. exf6 Nxf6 11. Qe2 Qxb2 12. Qe6 Qxa1 13. Qc8# {[%emt 0:00:03] (Lag: Av=0.18s, max=1.0s)} 1-0

[Event "Test Tournament"]
[Site "Emanuel Lasker Arena"]
[Date "2024.04.09"]
[Round "6"]
[White "Hollis"]
[Black "Churchill"]
[Result "1-0"]
[WhiteElo "1881"]
[BlackElo "1620"]
[Annotator "NA RC"]
[PlyCount "29"]
[EventDate "2024.04.09"]
[EventType "swiss (blitz)"]
[TimeControl "60"]

1. c4 c5 2. Nf3 Nc6 3. Nc3 g6 4. e3 Nf6 5. d4 d5 6. dxc5 Nb4 7. Nxd5 Nfxd5 8. cxd5 Nxd5 9. Ne5 Qa5+ 10. Bd2 Nb4 11. Bc4 Bh6 12. Bxf7+ Kf8 13. O-O Qxc5 14. Bc3 Nc2 15. Qd8+ {[%emt 0:00:03] Churchill resigns (Lag: Av=0.11s, max=1.0s)} 1-0

[Event "Test Tournament"]
[Site "Emanuel Lasker Arena"]
[Date "2024.04.09"]
[Round "6"]
[White "LiliBeth"]
[Black "Triskaidekaphobe"]
[Result "0-1"]
[WhiteElo "1853"]
[BlackElo "1620"]
[Annotator "NA RC"]
[PlyCount "56"]
[EventDate "2024.04.09"]
[EventType "swiss (blitz)"]
[TimeControl "60"]

1. d4 Nf6 2. c4 c5 3. d5 b5 4. cxb5 a6 5. bxa6 g6 6. Nc3 Bxa6 7. g3 d6 8. Bg2 Bg7 9. Nf3 O-O 10. O-O Nbd7 11. Rb1 Ng4 12. Bf4 Qa5 13. a4 Bxc3 14. bxc3 Qxc3 15. Ng5 Rab8 16. h3 h6 17. Qd4 Qxd4 18. hxg4 hxg5 19. Bxg5 Rxb1 20. Rxb1 Qxa4 21. Bxe7 Bxe2 22. Bxf8 Kxf8 23. g5 Bd3 24. Rb8+ Nxb8 25. Kh2 Na6 26. Bf3 Qc2 {[%emt 0:00:02] .} 27. Kg2 Qb3 28. Kh2 Qc3 0-1

[Event "Test Tournament"]
[Site "Emanuel Lasker Arena"]
[Date "2024.04.09"]
[Round "6"]
[White "CheckMaid"]
[Black "Knightess"]
[Result "0-1"]
[WhiteElo "1645"]
[BlackElo "1620"]
[Annotator "NA RC"]
[PlyCount "34"]
[EventDate "2024.04.09"]
[EventType "swiss (blitz)"]
[TimeControl "60"]

1. e4 g6 2. d4 d6 3. Nc3 Bg7 4. f4 Nf6 5. Nf3 O-O 6. e5 dxe5 7. fxe5 Nd5 8. h4 Bg4 9. Ne4 f5 10. Bc4 fxe4 11. c3 exf3 12. gxf3 Rxf3 13. h5 e6 14. hxg6 b5 15. gxh7+ Kh8 16. Bd3 Ne3 17. Qe2 Qg5 {[%emt 0:00:03] CheckMaid resigns (Lag: Av=0.11s, max=1.0s)} 0-1

[Event "Test Tournament"]
[Site "Emanuel Lasker Arena"]
[Date "2024.04.09"]
[Round "6"]
[White "Don Rodrigo"]
[Black "Zimtowitch"]
[Result "0-1"]
[WhiteElo "1620"]
[BlackElo "1896"]
[Annotator "NA RC"]
[PlyCount "58"]
[EventDate "2024.04.09"]
[EventType "swiss (blitz)"]
[TimeControl "60"]

1. e4 c5 2. Nf3 d6 3. d4 cxd4 4. Nxd4 Nf6 5. Nc3 g6 6. Be3 Bg7 7. f3 O-O 8. Qd2 Nc6 9. O-O-O d5 10. Qe1 e5 11. Nb3 d4 12. Qh4 Qe7 13. Bd2 dxc3 14. Bxc3 Rd8 15. Bc4 b6 16. a4 Be6 17. Ba6 Nb4 18. Bb5 Na2+ 19. Kb1 Nxc3+ 20. bxc3 Qa3 21. h3 a6 22. Bc6 Bxb3 23. cxb3 Qxb3+ 24. Kc1 Qxc3+ 25. Kb1 Qxc6 26. Rd7 Rxd7 27. g4 Rd2 28. Qg5 Qc2+ 29. Ka1 Qb2# {[%emt 0:00:01] (Lag: Av=0.15s, max=1.1s)} 0-1

[Event "Test Tournament"]
[Site "Emanuel Lasker Arena"]
[Date "2024.04.09"]
[Round "6"]
[White "Encheladus"]
[Black "Botwinzig"]
[Result "1-0"]
[WhiteElo "1620"]
[BlackElo "1810"]
[Annotator "NA RC"]
[PlyCount "41"]
[EventDate "2024.04.09"]
[EventType "swiss (blitz)"]
[TimeControl "60"]

1. e4 c5 2. Nf3 d6 3. d4 cxd4 4. Nxd4 Nf6 5. Nc3 g6 6. Be3 Bg7 7. f3 Qa5 8. Qd2 Nc6 9. O-O-O O-O 10. g4 Rd8 11. Bc4 Ne5 12. Qe2 Nxc4 13. Qxc4 Bd7 14. Ndb5 Rac8 15. Qb3 h5 16. Nxa7 Be6 17. Qa4 Bh6 18. Qxa5 Bxe3+ 19. Rd2 Ra8 20. g5 Nd7 21. Ncb5 {[%emt 0:00:02] Time (Lag: Av=0.16s, max=1.2s) '} 1-0

[Event "Test Tournament"]
[Site "Emanuel Lasker Arena"]
[Date "2024.04.09"]
[Round "6"]
[White "Klaus Junge"]
[Black "NicholasRenzi"]
[Result "0-1"]
[WhiteElo "1620"]
[BlackElo "2016"]
[Annotator "RC"]
[PlyCount "74"]
[EventDate "2024.04.09"]
[EventType "swiss (blitz)"]
[TimeControl "60"]

1. e4 e5 2. Nf3 Nc6 3. Bb5 a6 4. Ba4 Nf6 5. O-O Be7 6. Re1 b5 7. Bb3 O-O 8. c3 d6 9. d4 Bg4 10. Be3 exd4 11. cxd4 Na5 12. h3 Nxb3 13. axb3 Bh5 14. Bf4 c5 15. g4 Qd7 16. Nc3 b4 17. e5 bxc3 18. exf6 Bxf6 19. gxh5 cxb2 20. Ra5 Qxh3 21. Bxd6 cxd4 22. Qd3 Rfe8 23. Be5 h6 24. Rb1 Rac8 25. Re1 Rc3 26. Qd2 Qxf3 27. Qxb2 Qh3 28. Qd2 Rd3 29. Bxf6 Qg4+ 30. Kf1 Rxd2 31. Rxe8+ Kh7 32. Ra1 gxf6 33. b4 Qf3 34. Rf8 Kg7 35. Rxa6 Rxf2+ 36. Kg1 Qg3+ 37. Kh1 Rh2# {[%emt 0:00:01] (Lag: Av=0.11s, max=0.9s)} 0-1

[Event "Test Tournament"]
[Site "Emanuel Lasker Arena"]
[Date "2024.04.09"]
[Round "6"]
[White "Melancholia"]
[Black "Daenerys"]
[Result "1-0"]
[WhiteElo "1620"]
[BlackElo "1922"]
[Annotator "RC"]
[PlyCount "23"]
[EventDate "2024.04.09"]
[EventType "swiss (blitz)"]
[TimeControl "60"]

1. d4 d5 2. c4 dxc4 3. Nf3 a6 4. e3 b5 5. b3 Qxd4 6. Qxd4 c5 7. Qd5 cxb3 8. Qxa8 e5 9. Qxb8 Ne7 10. axb3 h5 11. Rxa6 f5 12. Bxb5+ {[%emt 0:00:01] Daenerys resigns (Lag: Av=0.30s, max=1.3s)} 1-0